 Dungeon Sprint DCSS version 0.30-a0-451-ge042605de7 (webtiles) character file.

Game seed: 3147266860580629478

10565 rocky1 the Severer (level 11, -19/140 HPs)
             Began as an Ogre Gladiator on Dec 12, 2022.
             Was an Initiate of Gozag.
             Demolished by a minotaur (25 damage)
             ... in the Dungeon (Sprint VII: "The Pits").
             The game lasted 00:11:59 (3658 turns).

rocky1 the Severer (Ogre Gladiator)                 Turns: 3658, Time: 00:11:59

Health: -19/140    AC:  8    Str: 24    XL:     11   Next: 64%
Magic:  11/11      EV: 14    Int:  9    God:    Gozag
Gold:   970        SH:  0    Dex: 10    Spells: 10/10 levels left

rFire   . . .      SeeInvis .    x - +8 whip "Snakebite" {venom, curare, rPois}
rCold   . . .      Faith    .    (no shield)
rNeg    . . .      Spirit   .    b - +0 robe
rPois   +          Reflect  .    c - +1 hat
rElec   .          Harm     .    v - +0 cloak
rCorr   .          Rampage  .    (gloves unavailable)
Will    +....      NoTele   +    (boots unavailable)
Stlth   +++.......               (no amulet)
HPRegen 0.43/turn                j - +3 ring of protection
MPRegen 0.12/turn                s - +3 ring of evasion

@: invisible
A: large, unfitting armour, tough skin 1
a: Renounce Religion, Potion Petition, Call Merchant, Bribe Branch


You were in the Dungeon.
You worshipped Gozag.
Gozag was pleased with you.
You visited 1 branch You collected 5859 gold pieces.
You spent 1768 gold pieces at shops.
You paid 3121 gold pieces to Gozag.

Inventory:

Hand Weapons
 o - a +0 giant club
 w - a +2 war axe of freezing
 x - the +8 whip "Snakebite" (weapon) {venom, curare, rPois}
   (You bought it in a shop in the Dungeon)

   It poisons the flesh of those it strikes.
   It occasionally inflicts asphyxiating poison on those it strikes, dealing
   poison damage and causing slowness.
   rPois:     It protects you from poison.
 y - a +0 war axe of flaming
Missiles
 d - a throwing net (quivered)
Armour
 b - a +0 robe (worn)
 c - a +1 hat (worn)
 v - a +0 cloak (worn)
Jewellery
 j - a +3 ring of protection (left hand)
 s - a +3 ring of evasion (right hand)
Scrolls
 a - a scroll of brand weapon
 m - 5 scrolls of amnesia
 n - a scroll of summoning
 p - a scroll of silence
Potions
 f - 5 potions of curing
 h - 3 potions of haste
 i - 4 potions of magic
 q - a potion of might
 r - a potion of resistance
 t - a potion of brilliance
 u - a potion of mutation
Miscellaneous
 z - a lightning rod (4/4)


   Skills:
 + Level 17.7 Fighting
 + Level 18.2 Axes
 + Level 13.9 Throwing
 + Level 5.2 Armour
 + Level 6.3 Dodging
 + Level 5.0 Stealth


You had 10 spell levels left.
You didn't know any spells.
Your spell library was empty.

Dungeon Overview and Level Annotations

Branches:
Dungeon (1/1)

Altars:
Ashenzari
Cheibriados
Dithmenos
Elyvilon
Fedhas
Gozag
Hepliaklqana
Kikubaaqudgha
Makhleb
Nemelex Xobeh
Okawaru
Qazlal
Ru
Sif Muna
Trog
Uskayaw
Vehumet
Wu Jian
Xom
Yredelemnul
Zin
The Shining One
Jiyva
Lugonu

Shops:
D ?(*

Annotations:
D Eustachio


Innate Abilities, Weirdness & Mutations

You are too large for most types of armour.
You have tough skin. (AC +1)


Message History

The minotaur gores you!
* * * LOW HITPOINT WARNING * * *
Unknown command.
You whack the minotaur!
The minotaur is lightly wounded.
You whack the minotaur!
The minotaur is moderately wounded.
The minotaur hits you.
* * * LOW HITPOINT WARNING * * *
The minotaur gores you!
* * * LOW HITPOINT WARNING * * *
Unknown command.
You feel much better. The minotaur hits you!
* * * LOW HITPOINT WARNING * * *
The minotaur gores you.
* * * LOW HITPOINT WARNING * * *
[a] - 312 gold - heal wounds, curing and berserk rage [b] - 276 gold - brilliance and magic [c] - 448 gold - heal wounds, curing and magic Purchase which effect?
You no longer have enough gold to fund merchants seeking to open stores in the dungeon.
You feel much better.
You feel better. Magic courses through your body. The minotaur hits you!
* * * LOW HITPOINT WARNING * * *
The minotaur gores you.
* * * LOW HITPOINT WARNING * * *
Unknown command.
You barely miss the minotaur.
The minotaur furiously retaliates!
The minotaur headbutts you!
* * * LOW HITPOINT WARNING * * *
The minotaur is moderately wounded.
The minotaur hits you.
* * * LOW HITPOINT WARNING * * *
The minotaur gores you!
* * * LOW HITPOINT WARNING * * *
Okay, then.
You fade into invisibility!
The minotaur hits you!!
You die...
Your body crumbles into a pile of gold.

*********************************
########*******####**************
.......#*$,,,,+...+,,,**,,,,**,,,
....).##*,,$$,##.##,,,**,,,,*,,*,
#...###########...###***,,,+*,***
+)..+..##.$##.......## *,,**,,,*,
##'##.....##((.......##*****,,***
#...##....#..$$.......#*,,,*,,,*,
..∩∩.)..).'...(.@H(...#*,,,+,,,,,
#...##).).#...........#*,,,*,,,*,
##'##.....##.........##*****,,***
'...+..##..##.......## *,,**,,,*,
#)..###########.@.###***,,,+*,***
......##*,,,,,##.##,,,**,,,,*,,*,
.......#*,,,,,+...+,,,**,,,,**,,,
########*******####**************


You could see a minotaur (unable to see you, very poisoned) and Eustachio
(unable to see you).

Vanquished Creatures
  A minotaur (D)
  A catoblepas (D)
  A deep troll (D)
  A deep elf pyromancer (D)
  A manticore (D)
  An orc sorcerer (D)
  A cyclops (D)
  A black mamba (D)
  A cane toad (D)
  A gargoyle (D)
  A rime drake (D)
  A kobold demonologist (D)
  A hellwing (D)
  A red devil (D)
  A tyrant leech (D)
  A wind drake (D)
  5 blink frogs (D)
  5 dream sheep (D)
  A culicivora (D)
  2 flying skulls (D)
  5 yaks (D)
  3 steam dragons (D)
  2 redbacks (D)
  A sky beast (D)
  2 swamp drakes (D)
  An ice beast (D)
  3 black bears (D)
  An ogre (D)
  A phantom (D)
  2 kobold brigands (D)
  An iron imp (D)
  2 gnoll boudas (D)
  A hound (D)
  An iguana (D)
  A mummy (D)
  4 gnolls (D)
  An adder (D)
  2 river rats (D)
  3 ufetubi (D)
  An orc (D)
  A bat skeleton (D)
  A bat (D)
  3 frilled lizards (D)
  2 rats (D)
74 creatures vanquished.

Vanquished Creatures (others)
  A blink frog (D)
  A hound (D)
  A gnoll (D)
3 creatures vanquished.

Grand Total: 77 creatures vanquished

Notes
Turn   | Place    | Note
-------+----------+-------------------------------------------
     0 | D        | rocky1 the Ogre Gladiator began the quest for the Orb.
     0 | D        | Reached XP level 1. HP: 22/22 MP: 1/1
    44 | D        | Found a bloodstained altar of Trog.
    44 | D        | Found a shimmering blue altar of Sif Muna.
    44 | D        | Found a viscous altar of Jiyva.
    44 | D        | Found a hazy altar of Hepliaklqana.
    44 | D        | Found an opulent altar of Gozag.
    45 | D        | Found a glowing golden altar of the Shining One.
    45 | D        | Found a glowing silver altar of Zin.
    45 | D        | Found a basalt altar of Yredelemnul.
    45 | D        | Found a shimmering altar of Xom.
    45 | D        | Found an ornate altar of the Wu Jian Council.
    45 | D        | Found a sacrificial altar of Ru.
    45 | D        | Found a stormy altar of Qazlal.
    45 | D        | Found an iron altar of Okawaru.
    45 | D        | Found a sparkling altar of Nemelex Xobeh.
    45 | D        | Found a burning altar of Makhleb.
    45 | D        | Found a blossoming altar of Fedhas.
    45 | D        | Found a white marble altar of Elyvilon.
    45 | D        | Found a shadowy altar of Dithmenos.
    45 | D        | Found a snail-covered altar of Cheibriados.
    47 | D        | Found a radiant altar of Vehumet.
    47 | D        | Found a corrupted altar of Lugonu.
    48 | D        | Found a hide-covered altar of Uskayaw.
    48 | D        | Found an ancient bone altar of Kikubaaqudgha.
    48 | D        | Found a broken altar of Ashenzari.
    56 | D        | Became a worshipper of Gozag Ym Sagoz the Greedy
    70 | D        | Reached skill level 4 in Axes
    70 | D        | Reached XP level 2. HP: 23/32 MP: 2/2
   182 | D        | Reached skill level 5 in Axes
   182 | D        | Reached XP level 3. HP: 26/40 MP: 3/3
   236 | D        | Noticed an ogre
   245 | D        | Reached skill level 5 in Fighting
   249 | D        | Killed an ogre
   250 | D        | Reached skill level 7 in Axes
   250 | D        | Reached skill level 5 in Throwing
   250 | D        | Reached XP level 4. HP: 53/53 MP: 4/4
   250 | D        | Reached XP level 5. HP: 61/61 MP: 5/5
   324 | D        | Noticed a black bear
   324 | D        | Noticed a black bear
   325 | D        | Noticed an ice beast
   334 | D        | Killed a black bear
   335 | D        | Reached skill level 8 in Axes
   338 | D        | Killed a black bear
   339 | D        | Reached skill level 9 in Axes
   339 | D        | Reached XP level 6. HP: 57/74 MP: 6/6
   343 | D        | Killed an ice beast
   344 | D        | Reached skill level 10 in Axes
   368 | D        | Noticed a black mamba
   387 | D        | Killed a black mamba
   388 | D        | Reached skill level 12 in Axes
   388 | D        | Reached XP level 7. HP: 26/88 MP: 7/7
   858 | D        | Reached XP level 8. HP: 25/97 MP: 8/8
  1271 | D        | Noticed a cyclops
  1271 | D        | Noticed a rime drake
  1283 | D        | Killed a cyclops
  1284 | D        | Reached skill level 13 in Axes
  1290 | D        | Killed a rime drake
  1291 | D        | Reached skill level 10 in Throwing
  1405 | D        | Bought a scroll of brand weapon for 114 gold pieces
  1405 | D        | Bought a scroll of silence for 114 gold pieces
  1405 | D        | Bought a scroll of enchant armour for 90 gold pieces
  1405 | D        | Bought a scroll of magic mapping for 90 gold pieces
  1413 | D        | Noticed a culicivora
  1415 | D        | Killed a culicivora
  1416 | D        | Reached skill level 14 in Axes
  1416 | D        | Reached XP level 9. HP: 102/110 MP: 9/9
  1428 | D        | HP: 5/110 [poisoned by a redback]
  1432 | D        | HP: 2/110 [poisoned by a redback]
  1737 | D        | Noticed a gargoyle
  1745 | D        | HP: 2/111 [dream sheep (8)]
  1746 | D        | Reached skill level 15 in Axes
  1799 | D        | Killed a gargoyle
  1805 | D        | Reached skill level 16 in Axes
  1999 | D        | Noticed a deep troll
  1999 | D        | Noticed a manticore
  2013 | D        | Reached skill level 15 in Fighting
  2013 | D        | Reached XP level 10. HP: 99/124 MP: 10/10
  2030 | D        | Killed a manticore
  2037 | D        | Killed a deep troll
  2038 | D        | Reached skill level 17 in Axes
  2221 | D        | Reached skill level 1 in Armour
  2228 | D        | Reached skill level 1 in Stealth
  2284 | D        | Noticed a cane toad
  2292 | D        | Killed a cane toad
  2465 | D        | Bought a glowing war axe for 182 gold pieces
  2906 | D        | Noticed a deep elf pyromancer
  2906 | D        | Noticed a catoblepas
  2917 | D        | Reached XP level 11. HP: 95/137 MP: 11/11
  2920 | D        | Killed a deep elf pyromancer
  2931 | D        | Killed a catoblepas
  2936 | D        | Reached skill level 5 in Dodging
  3380 | D        | Bought the +8 whip "Snakebite" {venom, curare, rPois} for
                  | 758 gold pieces
  3380 | D        | Found the +8 whip "Snakebite" {venom, curare, rPois}
  3380 | D        | Bought a lightning rod (4/4) for 420 gold pieces
  3388 | D        | Noticed a minotaur
  3538 | D        | Reached skill level 18 in Axes
  3546 | D        | Killed a minotaur
  3576 | D        | Noticed an orc sorcerer
  3595 | D        | Killed an orc sorcerer
  3596 | D        | Reached skill level 5 in Armour
  3628 | D        | Reached skill level 5 in Stealth
  3645 | D        | Noticed a minotaur
  3652 | D        | Noticed Eustachio
  3657 | D        | HP: 5/140 [minotaur (9)]
  3658 | D        | Demolished by a minotaur

Illustrated notes

Levels and vault maps discovered:
D:        pitsprint [storerooms_1, entrance_room_1, metal_vault_2, armoury_3,
          mini_pit_1, grid_room_1, main_hall_1, silver_pit, the_coven_3,
          the_vestibule_1, steel_vault_5, golden_pit, hallway_of_sentries,
          crystal_vault_1, iron_vault_3, final_vault]

Skill      XL: |  1  2  3  4  5  6  7  8  9 10 11 |
---------------+----------------------------------+-----
Fighting       | 3 4 6 8 11 13 15 16 17 | 17.7
Axes           | 4 5 7 9 12 14 16 17 18 | 18.2
Throwing       | 3 5 6 8 10 11 13 | 13.9
Armour         | 2 5 |  5.2
Dodging        | 4 6 |  6.3
Stealth        | 2 5 |  5.0

Action                   |  1- 3 |  4- 6 |  7- 9 | 10-12 || total
-------------------------+-------+-------+-------+-------++-------
Melee: War axe           |    35 |       |    27 |    91 ||   153
       Punch             |     1 |       |     4 |     1 ||     6
       Hand axe          |       |    30 |    43 |       ||    73
       Whip              |       |       |       |    55 ||    55
Throw: Throwing net      |       |     3 |       |       ||     3
       Large rock        |       |       |     4 |    14 ||    18
       Dart              |       |       |       |    12 ||    12
Invok: Call Merchant     |       |       |     1 |     2 ||     3
       Potion Petition   |       |       |       |     2 ||     2
  Use: Potion            |     1 |     5 |     5 |     3 ||    14
       Scroll            |       |       |     2 |     1 ||     3
 Stab: Invisible         |       |     5 |       |       ||     5
       Held in net/web   |       |     1 |       |       ||     1
       Distracted        |       |       |       |     2 ||     2
       Petrified         |       |       |       |    10 ||    10
       Petrifying        |       |       |       |     2 ||     2
Armor: Robe              |    16 |     2 |     5 |    22 ||    45
Dodge: Dodged            |    34 |    18 |    24 |    55 ||   131

Table legend: (Time is in decaauts)
 A = Elapsed time spent in this place.
 B = Non-inter-level travel time spent in this place.
 C = Inter-level travel time spent in this place.
 D = Time resting spent in this place.
 E = Time spent auto-exploring this place.
 F = Levels seen in this place.
 G = Mean time per level.
                   A        B        C        D        E       F      G
               +--------+--------+--------+--------+--------+-----+--------+
         Total |   3614 |   3551 |     63 |   2691 |      0 |   1 | 3614.0 |
       Dungeon |   3614 |   3551 |     63 |   2691 |      0 |   1 | 3614.0 |
               +--------+--------+--------+--------+--------+-----+--------+

Top non-repeatable levels by time:
       D: 3614 daAuts
